| TOP OF THE 1ST |
|
Wisconsin Timber Rattlers batting - Pitching for Lakewood BlueClaws : RHP William-Floyd Goof
|
|
Pitching: RHP William-Floyd Goof
|
|
|
Batting: RHB Joe LaDue
|
0-0: Ball 1-0: Ball 2-0: Ball 3-0: Called Strike 3-1: Foul Ball, location: 2F 3-2: Fly out, F7 (Flyball, 7LS, EV 75.0 MPH)
|
|
Batting: RHB Nick Garland
|
0-0: Called Strike 0-1: Ball 1-1: Ball 2-1: Foul Ball, location: 2F 2-2: Ground out 4-3 (Groundball, 34D, EV 104.4 MPH)
|
|
Batting: RHB Jeff Cornett
|
0-0: Swinging Strike 0-1: Ball 1-1: Foul Ball, location: 2F 1-2: Ball 2-2: Strikes out swinging
|
| Top of the 1st over - 0 runs, 0 hits, 0 errors, 0 left on base; Wisconsin 0 - Lakewood 0 |
| BOTTOM OF THE 1ST |
|
Lakewood BlueClaws batting - Pitching for Wisconsin Timber Rattlers : RHP Jeff Swomley
|
|
Pitching: RHP Jeff Swomley
|
|
|
Batting: LHB Jose Carlos
|
0-0: Ball 1-0: Ball 2-0: Called Strike 2-1: Ground out U3 (Groundball, 3, EV 87.5 MPH)
|
|
Batting: RHB Alberto Ramirez
|
0-0: Foul Ball, location: 2F 0-1: Ball 1-1: Swinging Strike 1-2: Strikes out swinging
|
|
Batting: SHB Bob Dixon
|
0-0: Ball 1-0: Ball 2-0: Ball 3-0: Called Strike 3-1: Ground out 6-3 (Groundball, 6, EV 104.4 MPH)
|
| Bottom of the 1st over - 0 runs, 0 hits, 0 errors, 0 left on base; Wisconsin 0 - Lakewood 0 |
| TOP OF THE 2ND |
|
Wisconsin Timber Rattlers batting - Pitching for Lakewood BlueClaws : RHP William-Floyd Goof
|
|
Batting: LHB Andy Sanchez
|
0-0: Called Strike 0-1: Ball 1-1: Ball 2-1: Swinging Strike 2-2: Ball 3-2: Strikes out swinging
|
|
Batting: RHB Eddie McCoy
|
0-0: Ball 1-0: Called Strike 1-1: Ball 2-1: Ball 3-1: Foul Ball, location: 2F 3-2: Foul Ball, location: 2F 3-2: Foul Ball, location: 2F 3-2: Foul Ball, location: 2F 3-2: Foul Ball, location: 2F 3-2: Base on Balls
|
|
Batting: SHB Mitchell Greene
|
0-0: DOUBLE (Groundball, 3L, EV 97.5 MPH) Eddie McCoy to third
|
|
Batting: RHB John Freeman
|
0-0: Ball 1-0: Foul Ball, location: 2F 1-1: Ball 2-1: Swinging Strike 2-2: Strikes out swinging
|
|
Batting: RHB Raymond Young
|
0-0: Ball 1-0: Called Strike 1-1: Foul Ball, location: 2F 1-2: Strikes out looking
|
| Top of the 2nd over - 0 runs, 1 hit, 0 errors, 2 left on base; Wisconsin 0 - Lakewood 0 |
| BOTTOM OF THE 2ND |
|
Lakewood BlueClaws batting - Pitching for Wisconsin Timber Rattlers : RHP Jeff Swomley
|
|
Batting: RHB Roberto Ruiz
|
0-0: Called Strike 0-1: Called Strike 0-2: Ball 1-2: Ground out 5-3 (Groundball, 56, EV 86.9 MPH)
|
|
Batting: RHB Kyle Morse
|
0-0: Ball 1-0: Called Strike 1-1: Fly out, F6 (Flyball, 56D, EV 90.0 MPH)
|
|
Batting: RHB Manny Mendoza
|
0-0: Ground out 3-1 (Groundball, 34S, EV 87.5 MPH)
|
| Bottom of the 2nd over - 0 runs, 0 hits, 0 errors, 0 left on base; Wisconsin 0 - Lakewood 0 |
| TOP OF THE 3RD |
|
Wisconsin Timber Rattlers batting - Pitching for Lakewood BlueClaws : RHP William-Floyd Goof
|
|
Batting: RHB Tyler Badillo
|
0-0: Ball 1-0: Ball 2-0: Hit by Pitch
|
|
Batting: RHB Joe LaDue
|
0-0: Ball 1-0: Fly out, F4 (Flyball, 3D, EV 88.1 MPH)
|
|
Batting: RHB Nick Garland
|
0-0: Ball 1-0: DOUBLE (Line Drive, 5D, EV 95.0 MPH) Tyler Badillo to third Runner from 3rd tries for Home, SAFE, no throw by LF
|
|
Batting: RHB Jeff Cornett
|
0-0: Swinging Strike 0-1: Ball 1-1: Swinging Strike 1-2: Strikes out swinging
|
|
Batting: LHB Andy Sanchez
|
0-0: SINGLE (Groundball, 34D, EV 95.6 MPH) Nick Garland to third Runner from 3rd tries for Home, SAFE, throw by RF to home
|
|
Batting: RHB Eddie McCoy
|
0-0: Ball 1-0: Ball 2-0: Ball 3-0: Base on Balls Andy Sanchez to second
|
|
Batting: SHB Mitchell Greene
|
0-0: Fly out, F8 (Flyball, 8RM, EV 88.8 MPH)
|
| Top of the 3rd over - 2 runs, 2 hits, 0 errors, 2 left on base; Wisconsin 2 - Lakewood 0 |
| BOTTOM OF THE 3RD |
|
Lakewood BlueClaws batting - Pitching for Wisconsin Timber Rattlers : RHP Jeff Swomley
|
|
Batting: SHB Mike Rueth
|
0-0: Fly out, F8 (Flyball, 8LD, EV 85.0 MPH)
|
|
Batting: RHB Pablo Lopez
|
0-0: Ball 1-0: Foul Ball, location: 2F 1-1: Ground out 6-3 (Groundball, 56, EV 100.0 MPH)
|
|
Batting: RHB Pedro Mata
|
0-0: Ball 1-0: Ball 2-0: Foul Ball, location: 2F 2-1: Ball 3-1: Swinging Strike 3-2: Foul Ball, location: 2F 3-2: Base on Balls
|
|
Batting: LHB Jose Carlos
|
0-0: Ball 1-0: Called Strike 1-1: Ball 2-1: Ball 3-1: Called Strike 3-2: Strikes out swinging
|
| Bottom of the 3rd over - 0 runs, 0 hits, 0 errors, 1 left on base; Wisconsin 2 - Lakewood 0 |
| TOP OF THE 4TH |
|
Wisconsin Timber Rattlers batting - Pitching for Lakewood BlueClaws : RHP William-Floyd Goof
|
|
Batting: RHB John Freeman
|
0-0: Called Strike 0-1: Ball 1-1: Ball 2-1: DOUBLE (Flyball, 8LXD, EV 96.9 MPH)
|
|
Batting: RHB Raymond Young
|
0-0: Called Strike 0-1: Ball 1-1: Ball 2-1: Called Strike 2-2: Fly out, F7 (Flyball, 7D, EV 106.9 MPH)
|
|
Batting: RHB Tyler Badillo
|
0-0: Foul Ball, location: 2F 0-1: Ball 1-1: Swinging Strike 1-2: Strikes out swinging
|
|
Batting: RHB Joe LaDue
|
0-0: Ball 1-0: Ball 2-0: Ball 3-0: Base on Balls
|
|
Batting: RHB Nick Garland
|
0-0: Swinging Strike 0-1: Ball 1-1: Ball 2-1: Ground out 5-3 (Groundball, 56, EV 109.4 MPH)
|
| Top of the 4th over - 0 runs, 1 hit, 0 errors, 2 left on base; Wisconsin 2 - Lakewood 0 |
| BOTTOM OF THE 4TH |
|
Lakewood BlueClaws batting - Pitching for Wisconsin Timber Rattlers : RHP Jeff Swomley
|
|
Batting: RHB Alberto Ramirez
|
0-0: Ball 1-0: Called Strike 1-1: SINGLE (Flyball, 8LS, EV 91.3 MPH)
|
|
Batting: SHB Bob Dixon
|
0-0: DOUBLE (Line Drive, 9D, EV 94.4 MPH) Alberto Ramirez to third
|
|
Batting: RHB Roberto Ruiz
|
0-0: Foul Ball, location: 2F 0-1: Foul Ball, location: 2F 0-2: Fly out, F9 (Flyball, 9LM, EV 99.4 MPH) Runner from 3rd tags up, SCORES, no throw by RF
|
|
Batting: RHB Kyle Morse
|
0-0: Called Strike 0-1: Called Strike 0-2: Ball 1-2: Ball 2-2: Ball 3-2: Foul Ball, location: 2F 3-2: Strikes out looking
|
|
Batting: RHB Manny Mendoza
|
0-0: Called Strike 0-1: Ball 1-1: Foul Ball, location: 2F 1-2: Fly out, F4 (Flyball, 34D, EV 82.5 MPH)
|
| Bottom of the 4th over - 1 run, 2 hits, 0 errors, 1 left on base; Wisconsin 2 - Lakewood 1 |
| TOP OF THE 5TH |
|
Wisconsin Timber Rattlers batting - Pitching for Lakewood BlueClaws : RHP William-Floyd Goof
|
|
Pitching: LHP Ryan Jansma
|
|
|
Batting: RHB Jeff Cornett
|
0-0: Ground out 6-3 (Groundball, 6, EV 81.9 MPH)
|
|
Batting: LHB Andy Sanchez
|
0-0: Called Strike 0-1: Swinging Strike 0-2: Ball 1-2: Foul Ball, location: 2F 1-2: Ball 2-2: Foul Ball, location: 2F 2-2: Strikes out swinging
|
|
Batting: RHB Eddie McCoy
|
0-0: Foul Ball, location: 2F 0-1: Called Strike 0-2: Ground out 4-3 (Groundball, 4M, EV 103.1 MPH)
|
| Top of the 5th over - 0 runs, 0 hits, 0 errors, 0 left on base; Wisconsin 2 - Lakewood 1 |
| BOTTOM OF THE 5TH |
|
Lakewood BlueClaws batting - Pitching for Wisconsin Timber Rattlers : RHP Jeff Swomley
|
|
Batting: SHB Mike Rueth
|
0-0: Reached on error, E5 (Groundball, 56, EV 102.5 MPH)
|
|
Batting: RHB Pablo Lopez
|
0-0: Called Strike 0-1: Ball 1-1: Ball 2-1: Called Strike 2-2: Ball 3-2: Fly out, F7 (Line Drive, 7, EV 98.1 MPH)
|
|
Batting: RHB Pedro Mata
|
0-0: Foul Ball, location: 2F 0-1: Foul Ball, location: 2F 0-2: Ball 1-2: Fly out, F9 (Flyball, 9S, EV 88.8 MPH)
|
|
Batting: LHB Jose Carlos
|
0-0: Foul Ball, location: 2F 0-1: Called Strike 0-2: Foul Ball, location: 2F 0-2: Foul Ball, location: 2F 0-2: Foul Ball, location: 2F 0-2: Ball 1-2: Ball 2-2: Ball 3-2: SINGLE (Groundball, 3S, EV 61.9 MPH) (infield hit) Mike Rueth to third
|
|
Batting: RHB Alberto Ramirez
|
0-0: Called Strike 0-1: Ball Pickoff Throw to First - Out! 1-3
|
| Bottom of the 5th over - 0 runs, 1 hit, 1 error, 1 left on base; Wisconsin 2 - Lakewood 1 |
| TOP OF THE 6TH |
|
Wisconsin Timber Rattlers batting - Pitching for Lakewood BlueClaws : LHP Ryan Jansma
|
|
Batting: SHB Mitchell Greene
|
0-0: Foul Ball, location: 2F 0-1: Called Strike 0-2: Foul Ball, location: 2F 0-2: Ball 1-2: Ball 2-2: Foul Ball, location: 2F 2-2: Strikes out looking
|
|
Batting: RHB John Freeman
|
0-0: Called Strike 0-1: Ball 1-1: Foul Ball, location: 2F 1-2: Ball 2-2: Fly out, F7 (Flyball, 7, EV 76.9 MPH)
|
|
Batting: RHB Raymond Young
|
0-0: Called Strike 0-1: Ball 1-1: Swinging Strike 1-2: Strikes out looking
|
| Top of the 6th over - 0 runs, 0 hits, 0 errors, 0 left on base; Wisconsin 2 - Lakewood 1 |
| BOTTOM OF THE 6TH |
|
Lakewood BlueClaws batting - Pitching for Wisconsin Timber Rattlers : RHP Jeff Swomley
|
|
Batting: RHB Alberto Ramirez
|
0-0: SINGLE (Line Drive, 34D, EV 109.4 MPH)
|
|
Batting: SHB Bob Dixon
|
0-0: TRIPLE (Flyball, 89XD, EV 100.0 MPH) Alberto Ramirez scores
|
|
Pitching: RHP Joe Shaw
|
|
|
Batting: RHB Roberto Ruiz
|
0-0: Called Strike 0-1: Ball 1-1: Swinging Strike 1-2: Foul Ball, location: 2F 1-2: Ground out 5-3 (Groundball, 56S, EV 80.6 MPH)
|
|
Batting: RHB Kyle Morse
|
0-0: Swinging Strike 0-1: SINGLE (Line Drive, 8LS, EV 101.9 MPH) Bob Dixon scores
|
|
Batting: RHB Manny Mendoza
|
0-0: Fly out, F8 (Flyball, 89S, EV 97.5 MPH)
|
|
Batting: SHB Mike Rueth
|
0-0: Called Strike 0-1: Swinging Strike 0-2: Ball 1-2: Strikes out swinging
|
| Bottom of the 6th over - 2 runs, 3 hits, 0 errors, 1 left on base; Wisconsin 2 - Lakewood 3 |
| TOP OF THE 7TH |
|
Wisconsin Timber Rattlers batting - Pitching for Lakewood BlueClaws : LHP Ryan Jansma
|
|
Pitching: RHP Ben Clayton
|
|
|
Batting: RHB Tyler Badillo
|
0-0: Fly out, F8 (Flyball, 8RM, EV 94.4 MPH)
|
|
Batting: RHB Joe LaDue
|
0-0: Called Strike 0-1: Ball 1-1: Ball 2-1: Foul Ball, location: 2F 2-2: Foul Ball, location: 2F 2-2: Foul Ball, location: 2F 2-2: Ball 3-2: Foul Ball, location: 2F 3-2: Foul Ball, location: 2F 3-2: Fly out, F6 (Popup, 6M, EV 74.4 MPH)
|
|
Batting: RHB Nick Garland
|
0-0: Ball 1-0: Foul Ball, location: 2F 1-1: Ball 2-1: Ball 3-1: SOLO HOME RUN (Flyball, 7D, EV 95.6 MPH), Distance : 341 ft
|
|
Batting: RHB Jeff Cornett
|
0-0: Ball 1-0: Ball 2-0: Ground out 1-3 (Groundball, 15S, EV 63.8 MPH)
|
| Top of the 7th over - 1 run, 1 hit, 0 errors, 0 left on base; Wisconsin 3 - Lakewood 3 |
| BOTTOM OF THE 7TH |
|
Lakewood BlueClaws batting - Pitching for Wisconsin Timber Rattlers : RHP Joe Shaw
|
|
Batting: RHB Pablo Lopez
|
0-0: Ball 1-0: Called Strike 1-1: Swinging Strike 1-2: Ball 2-2: Fly out, F9 (Flyball, 89D, EV 90.6 MPH)
|
|
Batting: RHB Pedro Mata
|
0-0: Foul Ball, location: 2F 0-1: Fly out, F3 (Popup, 3SF, EV 78.8 MPH)
|
|
Batting: LHB Jose Carlos
|
0-0: Ball 1-0: Ball 2-0: Swinging Strike 2-1: Ball 3-1: Foul Ball, location: 2F 3-2: Base on Balls
|
|
Batting: RHB Alberto Ramirez
|
Pickoff Throw to First - Out! 1-3
|
| Bottom of the 7th over - 0 runs, 0 hits, 0 errors, 0 left on base; Wisconsin 3 - Lakewood 3 |
| TOP OF THE 8TH |
|
Wisconsin Timber Rattlers batting - Pitching for Lakewood BlueClaws : RHP Ben Clayton
|
|
Batting: LHB Andy Sanchez
|
0-0: Ball 1-0: Ball 2-0: Called Strike 2-1: Ball 3-1: Foul Ball, location: 2F 3-2: Strikes out swinging
|
|
Batting: RHB Eddie McCoy
|
0-0: Called Strike 0-1: Called Strike 0-2: Ball 1-2: Ball 2-2: Ball 3-2: Strikes out swinging
|
|
Batting: SHB Mitchell Greene
|
0-0: Ball 1-0: Ground out 5-3 (Groundball, 56, EV 86.3 MPH)
|
| Top of the 8th over - 0 runs, 0 hits, 0 errors, 0 left on base; Wisconsin 3 - Lakewood 3 |
| BOTTOM OF THE 8TH |
|
Lakewood BlueClaws batting - Pitching for Wisconsin Timber Rattlers : RHP Joe Shaw
|
|
Pitching: RHP Brian Harper
|
|
|
Batting: RHB Alberto Ramirez
|
0-0: Called Strike 0-1: Called Strike 0-2: Strikes out looking
|
|
Batting: SHB Bob Dixon
|
0-0: Ball 1-0: Foul Ball, location: 2F 1-1: Ball 2-1: Fly out, F3 (Popup, 3, EV 72.5 MPH)
|
|
Batting: RHB Roberto Ruiz
|
0-0: Ball 1-0: Called Strike 1-1: Foul Ball, location: 2F 1-2: Foul Ball, location: 2F 1-2: Ball 2-2: Foul Ball, location: 2F 2-2: Ball 3-2: Strikes out looking
|
| Bottom of the 8th over - 0 runs, 0 hits, 0 errors, 0 left on base; Wisconsin 3 - Lakewood 3 |
| TOP OF THE 9TH |
|
Wisconsin Timber Rattlers batting - Pitching for Lakewood BlueClaws : RHP Ben Clayton
|
|
Pitching: RHP Chris Lee
|
|
|
Batting: RHB John Freeman
|
0-0: Foul Ball, location: 2F 0-1: Called Strike 0-2: Ground out 6-3 (Groundball, 6, EV 101.3 MPH)
|
|
Batting: RHB Raymond Young
|
0-0: Called Strike 0-1: Foul Ball, location: 2F 0-2: Ball 1-2: Foul Ball, location: 2F 1-2: Ground out 6-3 (Groundball, 6, EV 78.8 MPH)
|
|
Batting: RHB Tyler Badillo
|
0-0: Called Strike 0-1: Ball 1-1: Ball 2-1: Ball 3-1: Foul Ball, location: 2F 3-2: Base on Balls
|
|
Batting: RHB Joe LaDue
|
0-0: Foul Ball, location: 2F 0-1: Foul Ball, location: 2F 0-2: Ball 1-2: Ball 2-2: Foul Ball, location: 2F 2-2: Ball 3-2: Strikes out looking
|
| Top of the 9th over - 0 runs, 0 hits, 0 errors, 1 left on base; Wisconsin 3 - Lakewood 3 |
| BOTTOM OF THE 9TH |
|
Lakewood BlueClaws batting - Pitching for Wisconsin Timber Rattlers : RHP Brian Harper
|
|
Pitching: RHP Jason Ukena
|
|
|
Batting: RHB Kyle Morse
|
0-0: Ground out 6-3 (Groundball, 6, EV 76.3 MPH)
|
|
Batting: RHB Manny Mendoza
|
0-0: Ball 1-0: Ball 2-0: Called Strike 2-1: Foul Ball, location: 2F 2-2: Foul Ball, location: 2F 2-2: SOLO HOME RUN (Flyball, 8LXD, EV 115.6 MPH), Distance : 427 ft
|
| Bottom of the 9th over - 1 run, 1 hit, 0 errors, 0 left on base; Wisconsin 3 - Lakewood 4 |
| |
|
Game Over ... Lakewood defeats Wisconsin, 4 to 3
|
|
|